Match 45988324
Unlisted

Match 45988324
End
Construct Barracks
Engineer Squad
Selects Armored Battlegroup
Selects Veteran Crews
1⁄4-ton 4x4 Truck
Riflemen Squad
Riflemen Squad
Grenade Package
Infantry Support Center
1⁄4-ton 4x4 Truck
Selects Fast Deploy
Riflemen Squad
Construct Motor Pool
M8 Greyhound Armored Car
Construct Medical Station
Selects Field Repairs
M8 Greyhound Armored Car
M8 Greyhound Armored Car
Riflemen Squad
Construct Weapon Support Center
ZFranchise2121
eagles_79
Seven
mi prima de Cifuentes
0
0

Comments sign in to comment!

No comments posted yet!